AoeStats
← Tayrel Nath

MegaRandom

510622652Analyzed
2v2 RM · 11h ago on Oct 1, 2026· 35m 9s· 4 players
Game mode
Random Map
Map size
Medium (4 player)
Population
200
Speed
Normal
Resources
Standard
Victory
Conquest
Starting age
Dark Age
Ending age
Imperial Age
RankedLock teamsTeams togetherTeam positionsShared explorationLock speedFull tech treeHidden civsTurbo modeCheats
Victory
Defeat
🇳🇴 Italians · Norway
1066
+15
🇲🇽 Franks · Mexico
1049
+37
🇺🇸 Khmer · United States
1087
-17
🇩🇪 Teutons · Germany
1005
-14
Tayrel Nath
3:21 Loom
11:17 Feudal Age
13:35 Town Watch
16:07 Castle Age
16:49 Scale Barding Armor
29:52 Murder Holes
34:25 Imperial Age
34:45 Ballistics
mistaballista
7:50 Loom
9:54 Feudal Age
16:57 Wheelbarrow
16:18 Double-Bit Axe
20:31 Castle Age
21:09 Pikeman
25:25 Horse Collar
29:48 Padded Archer Armor
29:38 Fletching
36:33 Imperial Age
35:54 Bow Saw
36:03 Leather Archer Armor
King Brenning I
10:03 Loom
11:48 Feudal Age
15:27 Double-Bit Axe
15:26 Horse Collar
18:59 Castle Age
17:46 Gold Mining
19:10 Pikeman
20:13 Scale Mail Armor
26:28 Squires
26:38 Fletching
the farmer
8:47 Loom
10:53 Feudal Age
13:25 Bloodlines
13:27 Scale Barding Armor
13:35 Horse Collar
14:13 Double-Bit Axe
15:11 Forging
15:40 Bloodlines
23:33 Castle Age
22:06 Scale Mail Armor
22:04 Gold Mining
22:46 Stone Mining
24:28 Heavy Plow
23:50 Pikeman
29:21 Chain Barding Armor
29:36 Iron Casting
30:33 Gold Shaft Mining
Connection lost

Rejoining the realm…

Still unreachable

The connection could not be restored.

Session expired

The server has moved on; the page needs a fresh start.